 Dungeon Crawl Stone Soup version 0.17-a0-1663-gb806841 (webtiles) character file.

799 urechis the Cleaver (level 7, -2/57 HPs)
             Began as a Hill Orc Fighter on Aug 16, 2015.
             Was a Follower of Makhleb.
             Slain by an ogre
             ... wielding a +0 giant spiked club
              (13 damage)
             ... on level 5 of the Dungeon.
             The game lasted 00:08:38 (4478 turns).

urechis the Cleaver (Hill Orc Fighter)              Turns: 4478, Time: 00:08:39

Health: -2/57      AC:  8    Str: 19    XL:     7   Next: 90%
Magic:  7/7        EV:  7    Int:  8    God:    Makhleb [*.....]
Gold:   310        SH:  9    Dex: 12    Spells: 0 memorised, 6 levels left

rFire  . . .     SeeInvis .     a - +0 war axe
rCold  . . .     Clarity  .     b - +0 scale mail
rNeg   . . .     SustAt   .     c - +0 shield
rPois  .         Gourm    .     (no helmet)
rElec  .         Spirit   .     (no cloak)
rCorr  .         Warding  .     (no gloves)
rMut   .         Stasis   .     k - +0 pair of boots {Fly}
MR     .....                    (no amulet)
Stlth  ..........               (no ring)
                                (no ring)

@: flying, not resistant to hostile enchantments, extremely unstealthy
A: no striking features
a: Renounce Religion, Stop Flying


You were on level 5 of the Dungeon.
You worshipped Makhleb.
Makhleb was aware of your devotion.
You were not hungry.

You visited 1 branch of the dungeon, and saw 5 of its levels.

You collected 310 gold pieces.

Inventory:

Hand weapons
 a - a +0 war axe (weapon)
Armour
 b - a +0 scale mail (worn)
 c - a +0 shield (worn)
 k - a +0 pair of boots of flying (worn)
Scrolls
 g - 4 scrolls of amnesia {unknown}
 h - 7 scrolls of identify {unknown}
 i - 2 scrolls of random uselessness {unknown}
 n - a scroll of fear {unknown}
 p - 3 scrolls of remove curse {unknown}
 q - 2 scrolls of teleportation {unknown}
 r - a scroll of enchant weapon {unknown}
 u - a scroll of magic mapping {unknown}
Potions
 d - 2 potions of might
 f - a potion of brilliance {unknown}
 j - a potion of cure mutation {unknown}
 s - 2 potions of curing
 t - a potion of poison {unknown}
 w - a potion of haste {unknown}
Comestibles
 e - 5 bread rations
 l - a slice of pizza
 m - a fruit
 o - a meat ration
 v - 3 chunks of flesh


   Skills:
 - Level 3.6 Fighting
 + Level 11.2 Axes
 - Level 3.2 Armour
 - Level 3.2 Shields


You had 6 spell levels left.
You didn't know any spells.

Dungeon Overview and Level Annotations

Branches:
Dungeon (5/15)
 Temple: D:4-7

Altars:
Dithmenos
Gozag
Makhleb
Ru
Zin


Message History

An orc comes into view. It is wielding a war axe.
Use which ability? (? or * to list)
Okay, then.
Drink which item? (? for menu, Esc to quit)
It was a potion of curing.
You feel better. The giant cockroach barely misses you.
You block the centaur's attack. You block the hound zombie's attack.
The orc hits you but does no damage.
You hit the ogre.
The ogre is severely wounded.
You hit the centaur.
The centaur is almost dead.
You slash the hound zombie!
You hit the giant cockroach but do no damage.
You closely miss the orc.
The orc is severely wounded.
You block the centaur's attack.
The giant cockroach bites you but does no damage.
You block the hound zombie's attack.
The ogre hits you with a giant spiked club!
You die...

##............##...##....<..
##....##....##.....##......
.......#....#.......#......
##........##....._.........#
####>....####.......#.....#
###..## ##.....##......
#...# ##...##.......
##...o######c##........
#....O@##..............
#...#.cZs............ #
#...(....#...#...
#.....###....# .. ........##
.....# #........ .......
###...... ....... ##..###.
....... ..# #


You could see an ogre, a centaur, an orc, a hound zombie and a giant cockroach.

Vanquished Creatures
  2 ogres (D:4)
  The ghost of mrath the Chopper, an average MiFi (D:3)
  A crimson imp (D:5)
  4 orc wizards
  A giant frog skeleton (D:4)
  3 orc priests
  2 iguanas (D:5)
  2 worker ants (D:4)
  3 gnolls (D:3)
  8 adders
  A worm (D:3)
  5 giant geckos
  13 orcs
  2 ball pythons
  3 giant cockroaches
  8 goblins
  7 hobgoblins
  4 jackals
  7 kobolds
  A quokka (D:2)
  A ball python zombie (D:5)
  9 bats
  3 giant newts
  10 rats
101 creatures vanquished.

Notes
Turn   | Place    | Note
--------------------------------------------------------------
     0 | D:1      | urechis the Hill Orc Fighter began the quest for the Orb.
     0 | D:1      | Reached XP level 1. HP: 19/19 MP: 1/1
    74 | D:1      | Reached XP level 2. HP: 23/26 MP: 2/2
   130 | D:1      | Reached skill level 4 in Axes
   523 | D:1      | Reached XP level 3. HP: 28/31 MP: 3/3
   781 | D:2      | Reached skill level 5 in Axes
  1178 | D:2      | Reached XP level 4. HP: 27/39 MP: 4/4
  1219 | D:2      | Found a shadowy altar of Dithmenos.
  1276 | D:2      | Reached skill level 6 in Axes
  1746 | D:3      | Noticed mrath's ghost (average MiFi)
  2086 | D:3      | Reached XP level 5. HP: 40/45 MP: 5/5
  2093 | D:3      | Reached skill level 7 in Axes
  2447 | D:3      | Killed mrath's ghost
  2447 | D:3      | Reached skill level 8 in Axes
  2447 | D:3      | Reached XP level 6. HP: 9/51 MP: 6/6
  2834 | D:3      | Found a sacrificial altar of Ru.
  3219 | D:4      | Found an opulent altar of Gozag.
  3276 | D:4      | Reached skill level 9 in Axes
  3278 | D:4      | Found a burning altar of Makhleb.
  3294 | D:4      | Became a worshipper of Makhleb the Destroyer
  3579 | D:4      | Reached XP level 7. HP: 45/57 MP: 7/7
  3888 | D:4      | Reached skill level 10 in Axes
  4064 | D:5      | Entered Level 5 of the Dungeon
  4233 | D:5      | Acquired Makhleb's first power
  4243 | D:5      | Reached skill level 11 in Axes
  4443 | D:5      | Found a glowing silver altar of Zin.
  4476 | D:5      | HP: 1/57 [centaur (6)]
  4478 | D:5      | Slain by an ogre

Vault maps used:
D:1:      scummos_arrival_simple_crosswalls
D:2:      grunt_dithmenos_smoke, serial_bayou_lake_a
D:3:      nicolae_ru_sacrificial_ziggurat, first_bread, grunt_decor_resistance,
          guppyfry_early_orc_mine
D:4:      nicolae_gozag_seed_capital, bloody_makhleb
D:5:      lemuel_round_altar, minitemple, kennysheep_generic_room_5

Action                   |  1- 3 |  4- 6 |  7- 9 || total
-------------------------+-------+-------+-------++-------
Melee: War axe           |   126 |   192 |    70 ||   388
  Use: Potion            |       |       |     1 ||     1
  Eat: Chunk             |     1 |     7 |     4 ||    12
